 BcadrenCrawl: Boulder Brew version 0.03.2.1-77-g250ca0d8c0 (webtiles) character file.

Game seed: 7725169668263110530, levelgen mode: deterministic

96 esc the Shooter (level 4, 0/28 HPs) Octopode Noble. Began on Feb 16, 2021. Slain by a water moccasin (1 damage) ... on level 1 of the Dungeon. The game lasted 00:02:55 (516 turns).

esc the Shooter (Octopode Noble)                     Turns: 516, Time: 00:02:56

Health: 0/28       AC:  4    Str:  9    XL:     4 ^: 27
Magic:  5/5        EV:  6    Int: 12    God:
Gold:   29         SH: 14    Dex: 21    Spells: 5/5 levels left

rFire    . . .     Vision   .   b - +0 longbow
rCold    . . .     Gourm    .   c - +0 scutum {AC+3}
rNeg     . . .     Faith    .   e - +0 hat
rPois    .         Spirit   .   (no amulet)
rElec    .         Reflect  .   d - ring of dexterity
rCorr    .         Harm     .   (no ring)
MR       .....                  (no ring)
Stlth    +++.......             (no ring)
HPRegen  0.19/turn              (no ring)
MPRegen  0.15/turn              (no ring)
                                (no ring)
                                (no ring)

@: lethally poisoned (0 -> -30)
A: almost no armour, stealthy swim, amphibious, 8 rings, constrict 8, camouflage
1, gelatinous body 1
a: no special abilities


You were on level 1 of the Dungeon.
You were not hungry.

You visited 1 branch of the dungeon, and saw 2 of its levels.
You also visited: Market.

You collected 17 gold pieces.
You spent 988 gold pieces at shops.

Inventory:

Weapons
 b - a +0 longbow (weapon) Shields
 c - a +0 scutum of protection (shield)
Armour
 e - a +0 hat (worn)
Jewellery
 d - a ring of dexterity (left tentacle)
 i - a cursed amulet of regeneration {(Curse: Slay-3)}
Scrolls
 f - a scroll of fog
 h - a scroll of teleportation
Comestibles
 a - 2 rations


   Skills:
 - Level 1.1 Fighting
 + Level 3.3 Bows
 - Level 1.3 Stealth
 + Level 2.5 Shields
 - Level 1.2 Spellcasting


You had 5 spell levels left.
You didn't know any spells.
Your spell library was empty.

Dungeon Overview and Level Annotations

Branches:
Dungeon (2/8)

Altars:


Innate Abilities, Weirdness & Mutations

You cannot wear most types of armour.
You are very stealthy in the water. (Stealth+)
You are amphibious.
You can wear up to three rings at the same time.
You can use your tentacles to constrict three enemies at once.
Your skin changes colour to match your surroundings (Stealth+).
Your rubbery body absorbs attacks. (AC +1, EV +1)


Message History

You shoot an arrow.
The sewer rat makes you miss your attack.
You feel very sick. (3)
The water moccasin bites you (5).
* * * LOW HITPOINT WARNING * * *
You are more poisoned.
The water moccasin poisons you (19)!!
The sewer rat bites you but does no damage.
You block the water moccasin's attack.
Aiming:
b - a +0 longbow, Range: 1 (25%)
Press: ? - help, Shift-Dir - straight line, f/p - water moccasin
Aim: a water moccasin (severely wounded (6/28))
You shoot an arrow. The arrow hits the water moccasin (2).
The water moccasin is almost dead. (4/28) HP
* * * LOW HITPOINT WARNING * * *
You feel very sick. (4)
You block the water moccasin's attack. The sewer rat bites you (2).
* * * LOW HITPOINT WARNING * * *
The water moccasin bites you (1).
You die...

#.....#
#.#...###
#.....≈##
##....≈≈##
#####...#≈≈###
#.......#≈≈#
#.###...#≈≈#
#......##r≈#
##...####@≈≈##
#....≈≈≈≈S≈≈†#
#...≈≈≈≈≈≈≈..#
###≈≈#####...#
#### #####
####


You could see a water moccasin and a submerged sewer rat.

Vanquished Creatures
  2 giant cockroaches (D:1)
  A sewer rat (D:2)
  A cinder newt (D:1)
  A worm (D:1)
  3 oozes (D:1)
  2 leopard geckos (D:1)
  An adder skeleton (D:2)
  A ball python (D:1)
  A bat (D:1)
  5 goblins (D:1)
  5 hobgoblins (D:1)
  A ball python skeleton (D:2)
  3 kobolds (D:1)
  5 rats (D:1)
32 creatures vanquished.

Vanquished Creatures (others)
  A withered plant (D:2)
1 creature vanquished.

Grand Total: 33 creatures vanquished

Notes
Turn   | Place    | Note
-------+----------+-------------------------------------------
     0 | Start Ma | esc the Octopode Noble began the quest for the Orb.
     0 | Start Ma | Reached XP level 1. HP: 13/13 MP: 2/2
     0 | Start Ma | Found Dofer's Expert Tomes.
     4 | Start Ma | Found Xibaiwomab's Auxillary Armour.
     6 | Start Ma | Bought a +0 longbow for 180 gold pieces
     8 | Start Ma | Bought a +0 scutum of protection for 399 gold pieces
    15 | Start Ma | Found Finivot's Mashing MeleeMart.
    25 | Start Ma | Bought an uncursed ring of dexterity for 329 gold pieces
    35 | Start Ma | Bought a +0 hat for 80 gold pieces
    50 | D:1      | esc set off with the following items: a ration, a +0
                  | longbow, a +0 scutum of protection, a ring of dexterity, a
                  | +0 hat
   114 | D:1      | Reached skill level 1 in Bows
   136 | D:1      | Reached XP level 2. HP: 18/18 MP: 3/3
   203 | D:1      | Reached skill level 2 in Bows
   203 | D:1      | Reached skill level 1 in Shields
   224 | D:1      | Reached XP level 3. HP: 23/23 MP: 4/4
   359 | D:1      | Reached skill level 3 in Bows
   359 | D:1      | Reached XP level 4. HP: 28/28 MP: 5/5
   506 | D:2      | Noticed a water moccasin
   516 | D:1      | HP: 1/28 [sewer rat (2)]
   516 | D:1      | Slain by a water moccasin

Levels and vault maps discovered:
D:1:      enne_arrival_octagon_isle, layout_basic, kennysheep_generic_room_13,
          cheibrodos_sewer_entry_bend
D:2:      layout_sewer, nicolae_overflow_crystal_walls, sewer_frog_spiral,
          first_ration, uniq_terence

Skill      XL: |  1  2  3 |
---------------+----------+-----
Bows           | 1 2 3 |  3.3
Shields        | 1 2 |  2.5
Fighting       | |  1.1
Stealth        | |  1.3
Spellcasting   | |  1.2

Action                   |  1- 3 |  4- 6 || total
-------------------------+-------+-------++-------
 Fire: Longbow           |    31 |    19 ||    50
Armor: Skin              |     1 |     2 ||     3
Block: Scutum            |     3 |     8 ||    11
